 Dungeon Crawl Stone Soup version 0.24-a0-446-g87df7205b4 (webtiles) character file.

Game seed: 2052852332348409187

5316 Krouwed the Covert (level 10, -7/76 HPs)
             Began as a Vampire Assassin on June 24, 2019.
             Was a Follower of Uskayaw.
             Mangled by a wolf spider zombie (15 damage)
             ... on level 10 of the Dungeon.
             The game lasted 00:32:30 (7567 turns).

Krouwed the Covert (Vampire Assassin)               Turns: 7567, Time: 00:32:30

Health: -7/76      AC:  9    Str: 13    XL:     10   Next: 37%
Magic:  10/13      EV: 13    Int: 20    God:    Uskayaw [*.....]
Gold:   456        SH:  3    Dex: 15    Spells: 7/9 levels left

rFire    . . .     SeeInvis +   a - +3 short sword (venom)
rCold    . . .     Gourm    .   U - +0 buckler
rNeg     + . .     Faith    .   k - +0 ring mail
rPois    .         Spirit   .   (no helmet)
rElec    .         Reflect  .   v - +2 cloak
rCorr    .         Harm     .   L - +0 pair of gloves
MR       ++...                  (no boots)
Stlth    ++++......             (no amulet)
HPRegen  0.42/turn              h - ring of protection from magic
MPRegen  0.13/turn              J - ring of positive energy

@: brilliant, regenerating quickly
A: no food, fangs 3, see invisible, unbreathing
a: Exsanguinate, Stomp, Renounce Religion


You were on level 10 of the Dungeon.
You worshipped Uskayaw.
Uskayaw was noncommittal.
You were alive.

You visited 2 branches of the dungeon, and saw 11 of its levels.

You collected 747 gold pieces.
You spent 291 gold pieces at shops.

Inventory:

Hand Weapons
 a - a +3 short sword of venom (weapon)
 b - a +1 hunting sling of velocity
 I - a +2 dagger of venom
Missiles
 d - 14 poisoned darts
 e - 3 curare-tipped darts
 o - 207 stones
 s - 60 sling bullets
 S - 6 javelins (quivered)
Armour
 k - a +0 ring mail (worn)
 t - a scarf of spirit shield
 v - a +2 cloak (worn)
 H - a +0 scale mail
 L - a +0 pair of gloves (worn)
 U - a +0 buckler (worn)
Jewellery
 h - a ring of protection from magic (left hand)
 J - a ring of positive energy (right hand)
Wands
 D - a wand of enslavement (12)
 M - a wand of random effects (23)
 N - a wand of flame (36)
 O - a wand of paralysis (11)
 T - a wand of clouds (4)
Scrolls
 c - 4 scrolls of immolation
 f - 2 scrolls of remove curse
 l - 2 scrolls of blinking {unknown}
 n - 3 scrolls of enchant armour
 q - 6 scrolls of teleportation
 u - a scroll of amnesia {unknown}
 y - 2 scrolls of enchant weapon
 z - a scroll of noise {unknown}
 E - a scroll of magic mapping
 K - a scroll of brand weapon {unknown}
 P - a scroll of holy word {unknown}
 Q - 4 scrolls of identify
Potions
 g - a potion of invisibility
 i - 3 potions of curing
 j - a potion of lignification
 m - 2 potions of mutation
 p - 2 potions of magic
 r - a potion of haste {unknown}
 w - 2 potions of flight
 x - 2 potions of agility
 A - 2 potions of heal wounds {unknown}
 B - a potion of might {unknown}
 C - 2 potions of brilliance
 F - a potion of cancellation {unknown}
 G - a potion of degeneration {unknown}
Miscellaneous
 R - a sack of spiders


   Skills:
 + Level 6.1 Fighting
 + Level 7.1 Short Blades
 + Level 5.4 Throwing
 + Level 6.9 Dodging
 + Level 11.1 Stealth
 + Level 0.0 Shields
 + Level 6.4 Hexes
 + Level 4.1 Invocations


You had 7 spell levels left.
You knew the following spells:

 Your Spells              Type           Power        Failure   Level  Hunger
a - Ensorcelled Hibernat  Hex/Ice        ###...       3%          2    N/A

Your spell library contained the following spells:

 Spells                   Type           Power        Failure   Level  Hunger
 Beastly Appendage        Tmut           ##....       8%          1    N/A
 Flame Tongue             Conj/Fire      ##...        8%          1    N/A
 Shock                    Conj/Air       ##..         8%          1    N/A
 Sting                    Conj/Pois      ##..         8%          1    N/A
 Poisonous Vapours        Pois/Air       ##....       12%         2    N/A
 Sticks to Snakes         Tmut           ##......     12%         2    N/A
 Ignite Poison            Fire/Tmut/Pois ##......     22%         3    N/A
 Mephitic Cloud           Conj/Pois/Air  ##......     22%         3    N/A
 Spider Form              Tmut/Pois      ##........   22%         3    N/A
 Static Discharge         Conj/Air       ##......     22%         3    N/A
 Silence                  Hex/Air        ###.......   43%         5    N/A
 Ice Form                 Ice/Tmut       ##......     52%         4    N/A
 Olgreb's Toxic Radiance  Pois           ##......     52%         4    N/A
 Petrify                  Tmut/Erth      ##......     52%         4    N/A
 Darkness                 Hex            #####.....   54%         6    N/A
 Blade Hands              Tmut           ##........   82%         5    N/A
 Bolt of Magma            Conj/Fire/Erth ##........   82%         5    N/A
 Borgnjor's Vile Clutch   Necr/Erth      ##........   82%         5    N/A
 Fireball                 Conj/Fire      ##........   82%         5    N/A
 Lightning Bolt           Conj/Air       ##........   82%         5    N/A
 Venom Bolt               Conj/Pois      ##........   82%         5    N/A
 Bolt of Fire             Conj/Fire      ##........   99%         6    N/A
 Shadow Creatures         Summ           N/A          99%         6    N/A

Dungeon Overview and Level Annotations

Branches:
Dungeon (10/15)            Temple (1/1) D:7            Lair (0/6) D:8
    Orc: D:9-12

Altars:
Ashenzari
Cheibriados
Dithmenos
Elyvilon
Fedhas
Gozag
Hepliaklqana
Kikubaaqudgha
Makhleb
Nemelex Xobeh
Okawaru
Qazlal
Ru
Sif Muna
Trog
Uskayaw
Vehumet
Wu Jian
Xom
Yredelemnul
Zin
The Shining One
Lugonu

Shops:
D:4 *(?((   D:5 ?


Innate Abilities, Weirdness & Mutations

You do not eat.
Your natural rate of healing is unusually fast.
You have razor-sharp teeth.
You have supernaturally acute eyesight. (SInv)
You can survive without breathing.


Message History

You puncture the wolf spider zombie! You bite the wolf spider zombie.
The wolf spider zombie is almost destroyed.
The wolf spider zombie hits you.
The wolf spider zombie bites you but does no damage.
You completely miss the wolf spider zombie.
The wolf spider zombie is almost destroyed.
The wolf spider zombie hits you!
* * * LOW HITPOINT WARNING * * *
The wolf spider zombie bites you.
* * * LOW HITPOINT WARNING * * *
You barely miss the wolf spider zombie.
You bite the wolf spider zombie, but do no damage.
The wolf spider zombie is almost destroyed.
The wolf spider zombie hits you!
* * * LOW HITPOINT WARNING * * *
The wolf spider zombie misses you.
The crimson imp blinks!
It was a potion of brilliance.
You feel clever all of a sudden. The wolf spider zombie hits you!
You die...

###########
..........#
....?.....####
.............#
......Z@..#
..........#
..........#
....$.....#
########ยง##
.# ##


You could see a wolf spider zombie.

Vanquished Creatures
  Maurice (D:8)
  2 hippogriffs
  A hungry ghost (D:8)
  2 wyverns (D:8)
  Menkaure (D:7)
  2 water moccasins
  A sky beast (D:9)
  2 black bears (D:7)
  5 phantoms
  5 ice beasts
  A necrophage (D:3)
  2 centaurs
  3 ogres
  8 bullfrogs
  A gnoll sergeant (D:6)
  A wyvern skeleton (D:7)
  2 water moccasin skeletons
  A howler monkey (D:5)
  4 crimson imps
  A quasit (D:8)
  A jelly (D:6)
  3 orc priests
  4 bullfrog skeletons
  5 hounds
  2 iguanas
  7 orc wizards
  11 worker ants
  2 killer bee zombies
  A hound zombie (D:8)
  A hound skeleton (D:9)
  7 gnolls
  A howler monkey skeleton (D:4)
  14 adders
  3 shadow imps
  An ooze (D:1)
  3 worms
  4 dart slugs
  29 orcs
  3 giant cockroaches
  10 goblins
  3 hobgoblins
  20 jackals
  4 quokkas
  9 bats
  2 frilled lizards
  5 kobolds
  5 rats
206 creatures vanquished.

Notes
Turn   | Place    | Note
-------+----------+-------------------------------------------
     0 | D:1      | Krouwed the Vampire Assassin began the quest for the Orb.
     0 | D:1      | Reached XP level 1. HP: 16/16 MP: 1/1
    30 | D:1      | Reached skill level 6 in Stealth
    40 | D:1      | Reached XP level 2. HP: 22/22 MP: 2/2
   319 | D:1      | Reached XP level 3. HP: 27/27 MP: 3/3
   741 | D:2      | Reached XP level 4. HP: 33/34 MP: 4/4
  1561 | D:2      | Found a blossoming altar of Fedhas.
  1890 | D:2      | Found a deep blue altar of Sif Muna.
  1894 | D:2      | Reached XP level 5. HP: 39/39 MP: 5/5
  2190 | D:3      | Noticed a necrophage
  2202 | D:3      | Killed a necrophage
  2202 | D:3      | Reached skill level 7 in Stealth
  2309 | D:3      | Reached XP level 6. HP: 47/47 MP: 6/6
  2490 | D:3      | Found an iron altar of Okawaru.
  2605 | D:3      | Found a sparkling altar of Nemelex Xobeh.
  2751 | D:4      | Found Mem Ebbe's Magic Scroll Shoppe.
  2754 | D:4      | Bought a scroll of identify for 22 gold pieces
  2754 | D:4      | Bought a scroll of identify for 22 gold pieces
  2754 | D:4      | Bought a scroll of identify for 22 gold pieces
  2754 | D:4      | Bought a scroll of teleportation for 33 gold pieces
  2992 | D:4      | Found Qont's Assorted Antiques.
  3035 | D:4      | Reached XP level 7. HP: 52/52 MP: 7/7
  3120 | D:4      | Found Piopoud's Antique Weapon Shoppe.
  3179 | D:4      | Reached skill level 8 in Stealth
  3360 | D:4      | Found Xuepiog's Antique Weapon Emporium.
  3401 | D:4      | Found Suapna's Weapon Boutique.
  3642 | D:5      | Entered Level 5 of the Dungeon
  3899 | D:5      | Noticed a +0 hand axe
  3899 | D:5      | Noticed a +0 hand axe
  3901 | D:5      | Found a hide-covered altar of Uskayaw.
  3910 | D:5      | Became a worshipper of Uskayaw the Reveler
  3915 | D:5      | Reached * piety under Uskayaw
  3977 | D:5      | Learned a level 2 spell: Ensorcelled Hibernation
  4129 | D:5      | Reached skill level 5 in Short Blades
  4129 | D:5      | Reached skill level 1 in Hexes
  4129 | D:5      | Reached XP level 8. HP: 60/60 MP: 8/8
  4199 | D:5      | Found Linim's Magic Scroll Boutique.
  4216 | D:5      | Bought a scroll of identify for 24 gold pieces
  4216 | D:5      | Bought a scroll of magic mapping for 42 gold pieces
  4216 | D:5      | Bought a scroll of enchant armour for 90 gold pieces
  4216 | D:5      | Bought a scroll of remove curse for 36 gold pieces
  4312 | D:5      | Reached ** piety under Uskayaw
  4523 | D:6      | Reached skill level 1 in Invocations
  4539 | D:6      | Reached skill level 9 in Stealth
  4543 | D:6      | Found a bloodstained altar of Trog.
  4546 | D:6      | Found a burning altar of Makhleb.
  4632 | D:6      | Found a white marble altar of Elyvilon.
  4632 | D:6      | Found a shimmering altar of Xom.
  4634 | D:6      | Found a shattered altar of Ashenzari.
  4634 | D:6      | Found a basalt altar of Yredelemnul.
  4635 | D:6      | Found a radiant altar of Vehumet.
  4816 | D:6      | Reached skill level 5 in Dodging
  5132 | D:6      | Found a snail-covered altar of Cheibriados.
  5196 | D:6      | Reached *** piety under Uskayaw
  5497 | D:6      | Reached XP level 9. HP: 49/67 MP: 6/10
  5673 | D:7      | Noticed Menkaure
  5693 | D:7      | Reached skill level 5 in Fighting
  5705 | D:7      | Killed Menkaure
  5783 | D:7      | Reached skill level 10 in Stealth
  5806 | D:7      | Reached **** piety under Uskayaw
  5824 | D:7      | Identified Sif Muna's Grimoire of Stones and Feathers
  5933 | D:7      | Found a staircase to the Ecumenical Temple.
  5962 | Temple   | Entered the Ecumenical Temple
  6020 | D:7      | Identified the Compendium of Fiery Flight
  6105 | D:7      | Reached skill level 5 in Hexes
  6193 | D:8      | Noticed Maurice
  6219 | D:8      | Killed Maurice
  6228 | D:8      | Found a sacrificial altar of Ru.
  6250 | D:8      | Reached skill level 5 in Throwing
  6322 | D:8      | Reached XP level 10. HP: 76/76 MP: 12/12
  6476 | D:8      | Found a staircase to the Lair.
  6687 | D:8      | Found a glowing silver altar of Zin.
  6984 | D:8      | Found a sacrificial altar of Ru.
  7087 | D:9      | Reached skill level 11 in Stealth
  7172 | D:9      | Found a hide-covered altar of Uskayaw.
  7349 | D:9      | Found a hazy altar of Hepliaklqana.
  7557 | D:10     | Entered Level 10 of the Dungeon
  7567 | D:10     | Mangled by a wolf spider zombie

Levels and vault maps discovered:
D:1:      shiori_arrival_maze, layout_basic
D:2:      layout_basic, lemuel_coloured_pillars_altar, lemuel_round_altar,
          minmay_tromino_v4_b
D:3:      layout_basic, lemuel_doored_altar, minmay_stone_trees_small,
          nemelex_altar_shiori
D:4:      layout_loops_ring, serial_shops, shop, shop,
          nicolae_shop_behind_doors, shop_fountains, kennysheep_little_box,
          first_ration, kennysheep_generic_room_16
D:5:      layout_loops_corners, dancing_weapons_uskayaw, serial_shops,
          shop_statue
D:6:      layout_loops_corners, cheibriados_altar_1, grunt_temple_overflow_open
D:7:      minmay_clustersquares, layout_basic, minmay_temple_entry_arrows,
          uniq_menkaure
D:8:      layout_cave_pods, zin_statuary, old_standard_altar, lair_entry_dummy,
          nicolae_ru_the_path_less_chosen, uniq_maurice
D:9:      layout_basic, lemuel_crystal_altar, basic_altar
D:10:     layout_roguey, orc_0_dummy
Temple:   corrupted_temple

Skill      XL: |  1  2  3  4  5  6  7  8  9 10 |
---------------+-------------------------------+-----
Stealth        | 6 7 8 9 10 11 | 11.1
Fighting       | 2 3 4 5 6 |  6.1
Throwing       | 2 3 4 5 |  5.4
Dodging        | 2 3 4 5 6 |  6.9
Short Blades   | 3 4 5 6 7 |  7.1
Hexes          | 1 3 5 6 |  6.4
Invocations    | 2 3 4 |  4.1

Action                   |  1- 3 |  4- 6 |  7- 9 | 10-12 || total
-------------------------+-------+-------+-------+-------++-------
Melee: Dagger            |    99 |       |       |       ||    99
       Bite              |    11 |     7 |    43 |    21 ||    82
       Short sword       |     8 |    76 |   342 |   181 ||   607
 Fire: Hunting sling     |       |    90 |    20 |       ||   110
Throw: Dart              |     8 |     4 |    26 |       ||    38
       Javelin           |       |       |       |     4 ||     4
Invok: Stomp             |       |       |     5 |     2 ||     7
  Use: Scroll            |       |     9 |     4 |       ||    13
       Potion            |       |       |       |     1 ||     1
 Stab: Sleeping          |     5 |     2 |    23 |     8 ||    38
       Distracted        |     1 |       |       |     1 ||     2
       Paralysed         |       |       |     4 |     3 ||     7
Armor: Robe              |     3 |       |       |       ||     3
       Leather armour    |    20 |       |       |       ||    20
       Ring mail         |    26 |    32 |    82 |    52 ||   192
Dodge: Dodged            |    78 |    54 |   183 |    98 ||   413

Table legend:
 A = Non-vault XP
 B = Vault XP
 C = Vault XP percentage of total XP
 D = Non-vault monster count
 E = Vault monster count
 F = Vault count percentage of total count
                 A         B        C        D         E       F
            +---------+---------+-------+---------+---------+-------
      Total |    6430 |    1165 |  15.3 |     192 |      14 |   6.8
            +---------+---------+-------+---------+---------+-------
        D:1 |      49 |      17 |  25.8 |      25 |       3 |  10.7
        D:2 |     130 |       1 |   0.8 |      21 |       1 |   4.5
        D:3 |     193 |       0 |   0.0 |      14 |       0 |   0.0
        D:4 |     808 |      36 |   4.3 |      22 |       1 |   4.3
        D:5 |     372 |       0 |   0.0 |      14 |       0 |   0.0
        D:6 |    1317 |       0 |   0.0 |      37 |       0 |   0.0
        D:7 |     869 |     642 |  42.5 |      16 |       8 |  33.3
        D:8 |    1680 |     469 |  21.8 |      21 |       1 |   4.5
        D:9 |    1012 |       0 |   0.0 |      22 |       0 |   0.0
            +---------+---------+-------+---------+---------+-------
